 Dungeon Crawl Stone Soup version 0.28.0-53-g5a82cb258f (webtiles) character file.

Game seed: 1998732221341233765

42 Infinimo the Caller (level 3, -2/19 HPs)
             Began as a Deep Elf Summoner on June 5, 2022.
             Slain by a gnoll
             ... wielding a +0 flail
              (7 damage)
             ... on level 2 of the Dungeon.
             The game lasted 00:03:28 (1388 turns).

Infinimo the Caller (Deep Elf Summoner)             Turns: 1388, Time: 00:03:29

Health: -2/19      AC:  2    Str:  5    XL:     3   Next: 35%
Magic:  8/10       EV: 12    Int: 21    God:
Gold:   54         SH:  4    Dex: 15    Spells: 6/9 levels left

rFire   . . .      SeeInvis .   (no weapon)
rCold   . . .      Faith    .   e - +0 buckler
rNeg    . . .      Spirit   .   a - +0 robe
rPois   .          Reflect  .   (no helmet)
rElec   .          Harm     .   (no cloak)
rCorr   .          Rampage  .   (no gloves)
Will    .....                   (no boots)
Stlth   ++........              (no amulet)
HPRegen 0.06/turn               (no ring)
MPRegen 0.12/turn               (no ring)

@: no status effects
A: no striking features
a: no special abilities


You were on level 2 of the Dungeon.
You visited 1 branch of the dungeon, and saw 2 of its levels.

You collected 54 gold pieces.

Inventory:

Armour
 a - a +0 robe (worn)
 e - a +0 buckler (worn)
Scrolls
 b - a scroll of brand weapon {unknown}
 c - a scroll of fog {unknown}
 d - 2 scrolls of identify {unknown}
 g - a scroll of torment {unknown}
Potions
 f - a potion of brilliance {unknown}
 h - a potion of flight {unknown}


   Skills:
 - Level 2.4 Dodging
 - Level 2.4 Stealth
 + Level 0.9 Shields
 + Level 3.7 Spellcasting
 * Level 5.1 Summonings


You had 6 spell levels left.
You knew the following spells:

 Your Spells              Type           Power      Damage    Failure   Level
a - Summon Small Mammal   Summ           100%       N/A       1%          1
b - Call Imp              Summ           25%        N/A       3%          2

Your spell library contained the following spells:

 Spells                   Type           Power      Damage    Failure   Level
 Call Canine Familiar     Summ           25%        N/A       6%          3
 Summon Guardian Golem    Hex/Summ       14%        N/A       17%         3
 Summon Lightning Spire   Summ/Air       14%        N/A       50%         4


Dungeon Overview and Level Annotations

Branches:
Dungeon (2/15)

Altars:

Shops:
D:1 :

Annotations:
D:2 Natasha


Message History

Your crimson imp barely misses the gnoll.
Casting: Call Imp (safe; 3% risk of failure)
Confirm with . or Enter, or press ? or * to list all spells.
You don't have enough magic to cast this spell.
Your quokka bites the gnoll.
Your crimson imp blinks!
Your quokka disappears in a puff of smoke!
As you open the door, it creaks loudly!
There is an open door here.
Casting: Call Imp (safe; 3% risk of failure)
Confirm with . or Enter, or press ? or * to list all spells.
A metallic apparition takes form in the air.
Your iron imp closely misses the gnoll.
You block the gnoll's attack.
Your iron imp barely misses the gnoll.
The gnoll hits you with a +0 flail!
* * * LOW HITPOINT WARNING * * *
Your iron imp hits the gnoll but does no damage.
The gnoll hits your iron imp with a +0 flail!
Your iron imp closely misses the gnoll.
There is an open door here.
Casting: Call Imp (safe; 3% risk of failure)
Confirm with . or Enter, or press ? or * to list all spells.
Your iron imp closely misses the gnoll.
Your bat hits the gnoll but does no damage.
You block the gnoll's attack. The gnoll hits you with a +0 flail.
* * * LOW HITPOINT WARNING * * *
Things that are here:
a +0 spear; a +0 leather armour; a fizzy ruby potion
There is an open door here.
Things that are here:
a +0 spear; a +0 leather armour; a fizzy ruby potion
There is an open door here.
The gnoll closely misses you.
There is an open door here.
Casting: Summon Small Mammal (safe; 1% risk of failure)
Confirm with . or Enter, or press ? or * to list all spells.
A shadowy apparition takes form in the air.
The gnoll hits you with a +0 flail!
You die...

#.# #.#
#.######
#......#####
#..<...'...#
#...)..###.#
#......# #.#
#......# #g#
#.###### #@#
#.# ####.# #.#
#...5#
#######.#
#.####
........#####.#
...#..........#
#.########## #.
#


You could see a gnoll (ally target) and a friendly shadow imp (summoned).

Vanquished Creatures (collateral kills)
  Robin (D:2)
  A gnoll (D:2)
  4 endoplasms
  3 goblins
  5 hobgoblins (D:2)
  A ball python (D:1)
  A frilled lizard (D:1)
  A kobold (D:1)
  5 rats (D:1)
22 creatures vanquished.

Vanquished Creatures (others)
  11 plants (D:2)
11 creatures vanquished.

Grand Total: 33 creatures vanquished

Notes
Turn   | Place    | Note
-------+----------+-------------------------------------------
     0 | D:1      | Infinimo the Deep Elf Summoner began the quest for the Orb.
     0 | D:1      | Reached XP level 1. HP: 10/10 MP: 6/6
    73 | D:1      | Found a faded altar of an unknown god.
   254 | D:1      | You fall into a shaft and drop 1 floor!
   272 | D:2      | Noticed Natasha
   495 | D:1      | Found Venotois's Book Shop.
   685 | D:1      | Reached XP level 2. HP: 15/15 MP: 5/8
  1131 | D:2      | Noticed Robin
  1190 | D:2      | Killed Robin
  1191 | D:2      | Reached skill level 5 in Summonings
  1191 | D:2      | Reached XP level 3. HP: 19/19 MP: 5/10
  1230 | D:1      | Learned a level 2 spell: Call Imp
  1388 | D:2      | Slain by a gnoll

Illustrated notes

Levels and vault maps discovered:
D:1:      zaba_arrival_water, layout_loops_ring, serial_shops,
          nicolae_shop_temple_entry_statues_fountains,
          ebering_ecumenical_altar_petrified
D:2:      layout_basic, nicolae_grassy_gnolls, uniq_robin, uniq_natasha

Skill      XL: |  1  2 |
---------------+-------+-----
Summonings     | 5 |  5.1
Dodging        | |  2.4
Stealth        | |  2.4
Shields        | |  0.9
Spellcasting   | |  3.7

Action                   || total
-------------------------++-------
 Cast: Summon Small Mamm ||    42
       Call Imp          ||     6
Armor: Robe              ||     1
Dodge: Dodged            ||     6
Block: Buckler           ||     2
